Map: Orbital Shipyard

Players

ShDZoo

  • Race: Terran Terran
  • League: Master

Miszu - Winner!

  • Race: Terran Terran
  • League: Master

VOD

Have the link to the VOD?

Description

Time

  • Played on: March 14, 2016, 3:30 p.m.
  • Length: 4:57
Show
View Real Time Build Order
Export as new Build Order

ShDZoo Terran 

Build Orders:  

Get SALT Encoding   

  12  0:01  SCV  
  13  0:16  Supply Depot  
  13  0:43  Barracks  
  13  0:50  Barracks  
  13  1:05  Barracks  
  13  1:09  SCV  
  14  1:29  Marine  
  15  1:38  Marine  
  16  1:47  Marine  
  16  1:50  Bunker  
  16  1:53  Marine  
  18  1:55  Marine  
  19  2:05  Marine  
  19  2:11  Marine  
  19  2:13  Marine  
  17  2:23  Marine  
  17  2:29  Marine  
  19  2:31  Marine  
  19  2:36  SCV  
  21  2:41  Marine  
  22  2:46  Marine  
  23  2:52  Marine  
  22  2:58  Marine  
  22  2:59  Orbital Command  
  22  3:02  Supply Depot  
  12  3:44  SCV  
  12  3:47  Refinery  
  13  3:54  Command Center  
  13  3:56  SCV  
  13  4:01  Refinery  
  14  4:08  SCV  
  15  4:20  SCV  
  16  4:32  SCV  
  17  4:44  SCV  
Show
View Real Time Build Order
Export as new Build Order

Miszu Terran - Winner!

Build Orders:  

Get SALT Encoding   

  12  0:01  SCV  
  13  0:13  SCV  
  14  0:18  Supply Depot  
  14  0:25  SCV  
  15  0:39  SCV  
  16  0:43  Barracks  
  16  0:44  Refinery  
  16  0:51  SCV  
  17  1:03  SCV  
  18  1:16  SCV  
  19  1:29  Orbital Command  
  19  1:30  Barracks Reactor  
  19  1:43  Marine  
  19  1:44  Bunker  
  19  1:46  Supply Depot  
  20  1:52  Bunker  
  20  2:01  Marine  
  18  2:18  Marine  
  18  2:20  SCV  
  19  2:32  SCV  
  19  2:36  Marine  
  20  2:44  SCV  
  20  2:48  Factory  
  21  2:54  Marine  
  21  2:56  SCV  
  23  3:05  Supply Depot  
  23  3:26  Marine, SCV  
  22  3:39  SCV  
  22  3:40  Hellion  
  21  3:44  Marine  
  22  3:51  SCV  
  22  3:52  Starport  
  23  3:58  Supply Depot  
  23  4:03  SCV  
  23  4:09  Hellion  
  26  4:11  Marine  
  26  4:15  SCV  
  28  4:27  SCV  
  28  4:29  Marine  
  32  4:39  SCV  
  37  4:56  Supply Depot  
Tags
 
Add a new tag
Caveats
  • Supply blocks, unpowered buildings, or Contaminate may cause inaccurate times.
  • Supply counts are checked every 10 seconds.